 Dungeon Crawl Stone Soup version 0.29-a0-770-g2e8140cf71 (webtiles) character file.

Game seed: 16959451246581082558

163904 thirstyecho the Severer (level 17, -11/117 HPs)
             Began as an Octopode Chaos Knight on July 1, 2022.
             Was a Plaything of Xom.
             Mangled by a deep elf blademaster
             ... wielding a +0 rapier
              (21 damage)
             ... on level 3 of the Elven Halls.
             The game lasted 01:29:50 (45823 turns).

thirstyecho the Severer (Octopode Chaos Knight)    Turns: 45823, Time: 01:29:51

Health: -11/117    AC: 17    Str: 13    XL:     17   Next: 84%
Magic:  15/20      EV: 26    Int: 20    God:    Xom [.....*]
Gold:   78         SH: 10    Dex: 27    Spells: 4/28 levels left

rFire   + + +      SeeInvis .   D - +6 broad axe (flame)
rCold   + . .      Faith    .   t - +3 buckler {rF+}
rNeg    . . .      Spirit   .   (helmet restricted)
rPois   +          Reflect  .   o - amulet of the Air {Inacc Air Fly rElec RMsl}
rElec   +          Harm     .   i - ring of protection from fire
rCorr   .          Rampage  .   N - ring of willpower
Will    +++..                   W - ring "Miefelis" {Fly rC+ Str+2 Slay+3 Stlth+}
Stlth   ++++......              K - ring "Xehe" {Fire rPois Int+3 Dex+2}
HPRegen 1.09/turn               J - +6 ring of dexterity
MPRegen 0.17/turn               F - ring of the Tortoise {AC+8}
                                H - +6 ring of dexterity
                                k - ring "Afywkifa" {Fly rC+ Will+ Slay+2}

@: ice-armoured, flying, repel missiles, unable to read, unable to drink
A: almost no armour, amphibious, 8 rings, camouflage 1, gelatinous body 1,
(nimble swimmer 1), tentacles, dopey 1, frail 1, low MP 2, mutation resistance
1, sense surroundings 1, regeneration 1, weak 1, wild magic 1, inability to
drink while threatened 1, inability to read while threatened 1, MP-powered wands
a: Renounce Religion


You were on level 3 of the Elven Halls.
You worshipped Xom.
You were Xom's teddy bear.
You visited 4 branches of the dungeon, and saw 26 of its levels.
You also visited: Ossuary, Gauntlet and Volcano.

You collected 4610 gold pieces.
You spent 4532 gold pieces at shops.

Inventory:

Hand Weapons
 D - a +6 broad axe of flaming (weapon)
 Q - the +8 whip of the Hated {vorpal, rCorr Dex+2 SInv}
   (You found it in a Gauntlet)

   It inflicts extra damage upon your enemies.
   Dex:       It affects your dexterity (+2).
   SInv:      It lets you see invisible.
   rCorr:     It protects you from acid and corrosion.
 S - a +3 dagger of distortion
Missiles
 u - 2 curare-tipped darts (quivered)
Armour
 t - a +3 buckler of fire resistance (worn)
Jewellery
 b - a ring of resist corrosion
 d - an amulet of regeneration
 i - a ring of protection from fire (left tentacle)
 k - the ring "Afywkifa" (on tentacle) {Fly rC+ Will+ Slay+2}
   (You bought it in a shop on level 2 of the Orcish Mines)

   [ring of willpower]

   Slay:      It affects your accuracy & damage with ranged weapons and melee
   (+2).
   rC:        It protects you from cold.
   Fly:       It grants you flight.
   Will:      It increases your willpower.
 o - the amulet of the Air (around mantle) {Inacc Air Fly rElec RMsl}
   (You bought it in a shop on level 2 of the Orcish Mines)

   [amulet of nothing]

   It reduces the accuracy of all your attacks.
   It enhances your air magic.
   rElec:     It insulates you from electricity.
   Fly:       It grants you flight.
   RMsl:      It protects you from missiles.
 q - a +6 ring of strength
 A - a ring of ice
 C - a ring of fire
 F - the ring of the Tortoise (on tentacle) {AC+8}
   (You bought it in a shop on level 2 of the Orcish Mines)

   [ring of protection]

   AC:        It affects your AC (+8).
 H - a +6 ring of dexterity (on tentacle)
 J - a +6 ring of dexterity (on tentacle)
 K - the ring "Xehe" (on tentacle) {Fire rPois Int+3 Dex+2}
   (You found it in a Gauntlet)

   [ring of fire]

   It enhances your fire magic.
   Int:       It affects your intelligence (+3).
   Dex:       It affects your dexterity (+2).
   rF:        It protects you from fire.
   rC:        It makes you vulnerable to cold.
   rPois:     It protects you from poison.
 N - a ring of willpower (right tentacle)
 W - the ring "Miefelis" (on tentacle) {Fly rC+ Str+2 Slay+3 Stlth+}
   (You found it in a Gauntlet)

   [ring of flight]

   Str:       It affects your strength (+2).
   Slay:      It affects your accuracy & damage with ranged weapons and melee
   (+3).
   rC:        It protects you from cold.
   Fly:       It grants you flight.
   Stlth:     It makes you more stealthy.
Wands
 a - a wand of mindburst (6)
 M - a wand of acid (4) {@v1}
 P - a wand of iceblast (4) {@v2}
 U - a wand of flame (9)
 V - a wand of digging (3) {@v3}
 Y - a wand of charming (8)
Scrolls
 e - 3 scrolls of silence
 j - 3 scrolls of enchant armour
 l - 5 scrolls of amnesia
 n - 12 scrolls of teleportation {@r3}
 p - 5 scrolls of vulnerability
 v - 3 scrolls of torment
 y - 8 scrolls of fog
 B - 3 scrolls of poison
 I - 3 scrolls of identify {@r1}
 O - 4 scrolls of immolation
 T - 7 scrolls of blinking {@r4}
 Z - 5 scrolls of fear
Potions
 c - 4 potions of attraction
 f - 2 potions of heal wounds {@q2}
 h - 8 potions of haste {@q4}
 m - 5 potions of magic
 s - 12 potions of curing {@q1}
 w - a potion of cancellation
 x - 10 potions of lignification
 z - a potion of ambrosia
 E - 2 potions of invisibility
 G - 5 potions of mutation
 R - 3 potions of might {@q3}
Miscellaneous
 g - a condenser vane
 r - a lightning rod (4/4)


   Skills:
 * Level 16.6 Fighting
 - Level 17.8(18.0) Axes
 - Level 3.0(12.0) Polearms
 - Level 13.0 Dodging
 - Level 4.0 Shields
 - Level 6.0 Spellcasting
 - Level 9.6 Summonings
 - Level 5.0 Translocations
 - Level 3.0 Transmutations
 - Level 6.0 Ice Magic
 - Level 3.0 Earth Magic
 + Level 8.0 Evocations


You had 4 spell levels left.
You knew the following spells:

 Your Spells              Type           Power      Damage    Failure   Level
a - Ozocubu's Armour      Ice            39%        N/A       5%          3
b - Call Canine Familiar  Summ           55%        N/A       1%          3
c - Summon Cactus Giant   Summ           27%        N/A       45%         6
d - Freezing Cloud        Conj/Ice/Air   13%        6-21      89%         5
e - Passwall              Tmut/Erth      19%        N/A       10%         2
f - Summon Small Mammal   Summ           100%       N/A       1%          1
g - Passage of Golubria   Tloc           33%        N/A       24%         4

Your spell library contained the following spells:

 Spells                   Type           Power      Damage    Failure   Level
 Beastly Appendage        Tmut           46%        N/A       6%          1
 Gell's Gravitas          Tloc           33%        N/A       8%          3
 Teleport Other           Tloc           33%        N/A       8%          3
 Summon Guardian Golem    Hex/Summ       32%        N/A       9%          3
 Ensorcelled Hibernation  Hex/Ice        46%        N/A       10%         2
 Wereblood                Tmut           23%        N/A       10%         2
 Portal Projectile        Hex/Tloc       40%        N/A       21%         3
 Scorch                   Fire           22%        2d6       28%         2
 Spider Form              Tmut/Pois      15%        N/A       30%         3
 Dazzling Flash           Conj/Hex       14%        N/A       45%         3
 Swiftness                Air            11%        N/A       45%         3
 Leda's Liquefaction      Hex/Erth       7%         N/A       65%         4
 Anguish                  Hex/Necr       3%         N/A       85%         4
 Flame Wave               Conj/Fire      11%        2d5       85%         4
 Metabolic Englaciation   Hex/Ice        11%        N/A       78%         5
 Dispersal                Tloc           16%        N/A       97%         6
 Agony                    Necr           7%         N/A       99%         5
 Silence                  Hex/Air        5%         N/A       99%         5
 Simulacrum               Ice/Necr       11%        N/A       100%        6
 Lehudib's Crystal Spear  Conj/Erth      7%         10d3      100%        8
 Polar Vortex             Ice            19%        N/A       100%        9


Dungeon Overview and Level Annotations

Branches:
Dungeon (15/15)            Temple (0/1) D:4            Lair (6/6) D:9
  Swamp (0/4) Lair:3       Spider (0/4) Lair:3        Slime (0/5) Lair:6
    Orc (2/2) D:10            Elf (3/3) Orc:2        Vaults (0/5) D:13
 Depths (0/4) D:15        Ossuary (visited)         Volcano (visited)
Gauntlet (visited)

Altars:
Dithmenos
Fedhas
Gozag
Makhleb
Okawaru
Ru
Trog
Vehumet
Xom
Yredelemnul
The Shining One
Jiyva

Shops:
D:2 *   D:3 *   D:8 *   D:10 *   Orc:2 *[=*   Elf:3 **

Annotations:
Lair:2 1 runed translucent door, capka3m's ghost, journeyman GnEE
Elf:1 6 runed translucent doors
Elf:2 exclusion: 3 doors


Innate Abilities, Weirdness & Mutations

You cannot wear most types of armour.
You are amphibious.
You can wear up to eight rings at the same time.
Your skin changes colour to match your surroundings (Stealth+).
Your rubbery body absorbs attacks. (AC +1, EV +1)
((You are camouflaged when in or above water. (Stealth+)))
You have tentacles for arms and can constrict up to eight enemies at once.
You are dopey. (Int -2)
You are frail. (-10% HP)
Your magical capacity is very low. (-20% MP)
You are somewhat resistant to further mutation.
You passively map a small area around you.
Your natural rate of healing is unusually fast.
You are weak. (Str -2)
Your spells are a little harder to cast, but a little more powerful.
You occasionally lose the ability to drink potions when taking damage.
You occasionally lose the ability to read scrolls when taking damage.
You expend magic power (3 MP) to strengthen your wands.


Message History

You constrict the deep elf blademaster, but do no damage.
The deep elf blademaster misses you.
The deep elf blademaster hits you but does no damage.
Your tengu hits the deep elf blademaster but does no damage.
Your tengu pecks the deep elf blademaster but does no damage.
Your tengu claws the deep elf blademaster but does no damage.
You cannot drink potions in your current state!
Unknown command.
You cannot read scrolls in your current state!
Unknown command.
You cannot drink potions in your current state!
Unknown command.
Casting: Ozocubu's Armour (mildly dangerous; 5% risk of failure)
Okay, then.
Okay, then.
You strike the helpless deep elf blademaster from behind!
You hit the deep elf blademaster. You constrict the deep elf blademaster.
You block the deep elf blademaster's attack.
The deep elf blademaster hits you with a +0 rapier.
* * * LOW HITPOINT WARNING * * *
Unknown command.
You hit the deep elf blademaster. You constrict the deep elf blademaster.
You block the deep elf blademaster's attack.
The deep elf blademaster completely misses you.
Your tengu hits the deep elf blademaster but does no damage.
Your tengu barely misses the deep elf blademaster.
Your tengu claws the deep elf blademaster.
The deep elf blademaster hits your tengu with a +0 rapier!! x2
Your tengu dies!
Your tengu's corpse disappears in a puff of smoke!
The deep elf blademaster shouts!
You hit the deep elf blademaster but do no damage.
You squeeze the deep elf blademaster, but do no damage.
You constrict the deep elf blademaster. The deep elf blademaster misses you.
You block the deep elf blademaster's attack.
You slash the deep elf blademaster! You burn the deep elf blademaster.
You constrict the deep elf blademaster.
The deep elf blademaster hits you with a +0 rapier!!
You die...
Xom laughs nastily!

###############
**#.............#### #
, ................###
#.
##..e.....).ยง......##
...
##.E...#####e........#
....#..E####
,,#@..##....##
......### ee
#....##....#
.##..........
,#..........#
#...........
##...###...##
#..#.........
e#....#.....#
#..#....####.
,,#....##....###### ..
#...##
##.....#...#).... .
.e..# *
,e#.........#.#### .
...[# ,##........#_#


You could see a deep elf blademaster.

Vanquished Creatures
  5 deep elf sorcerers
  An orc warlord (Orc:1)
  3 deep elf elementalists (Elf:3)
  A very ugly thing (D:15)
  5 deep elf demonologists
  4 deep elf annihilators
  A minotaur (Gauntlet)
  Snorg (Lair:6)
  A yaktaur captain (D:14)
  A deep elf death mage (Elf:3)
  2 deep elf high priests (Elf:3)
  A rakshasa (D:15)
  Erolcha (Orc:1)
  3 hydras
  5 centaur warriors
  3 boulder beetles
  3 catoblepae
  2 two-headed ogres
  17 dancing weapons
  3 tengu warriors
  2 orc high priests
  18 deep elf knights
  Urug (D:13)
  A sun demon (Volcano)
  A hell knight (Volcano)
  A death drake (Gauntlet)
  4 lindwurms (Lair:6)
  A wizard (D:13)
  9 deep elf archers
  22 deep elf pyromancers
  4 orc knights
  15 deep elf zephyrmancers
  4 manticores
  A wolf spider (shapeshifter) (D:15)
  4 orc sorcerers (Orc:2)
  An oklob plant (Gauntlet)
  19 ugly things
  6 cyclopes
  A spectral centaur (Gauntlet)
  A centaur zombie (Gauntlet)
  15 elephants
  4 black mambas
  2 gargoyles
  4 molten gargoyles
  2 minotaur zombies (Gauntlet)
  Psyche (D:9)
  5 komodo dragons
  2 rime drakes (Lair:6)
  A spectral redback (Gauntlet)
  An unseen horror (D:10)
  16 cane toads
  3 yaktaurs (D:15)
  A kobold demonologist (D:12)
  3 tengu conjurers
  An efreet (D:15)
  A meliai (D:9)
  8 hornets
  A hornet (shapeshifter) (D:13)
  11 trolls
  5 polar bears (Lair:6)
  A tarantella (shapeshifter) (D:14)
  20 blink frogs
  7 slime creatures
  A raiju (Gauntlet)
  9 dream sheep
  A culicivora (Lair:3)
  3 air elementals (Elf:1)
  A shadow (D:13)
  8 water elementals
  11 spriggans (Lair:6)
  3 vampires
  A spriggan (shapeshifter) (D:13)
  5 wyverns
  2 yaks (shapeshifter)
  37 yaks
  5 basilisks
  10 fire elementals
  A basilisk (shapeshifter) (D:13)
  6 steam dragons
  18 vampire mosquitoes
  Menkaure (Ossuary)
  3 wargs
  14 two-headed ogre zombies (Orc:1)
  3 hell hounds (Volcano)
  Duvessa (D:6)
  3 acid dragons
  21 water moccasins
  An ice beast (D:8)
  32 orc warriors
  33 wolves
  6 ogres
  4 boggarts (Lair:6)
  17 centaurs
  A phantom (D:7)
  2 kobold brigands (D:8)
  10 bullfrogs
  A gnoll sergeant (D:6)
  A necrophage (D:3)
  11 earth elementals
  2 scorpions
  Dowan (D:6)
  3 wights (D:9)
  4 killer bees
  2 howler monkeys
  2 electric eels (D:9)
  2 lava snakes (Volcano)
  7 hounds
  A jelly (D:6)
  35 orc priests
  A spectral boggart (Gauntlet)
  2 iguanas
  50 orc wizards
  3 mummies (Ossuary)
  Robin (D:3)
  6 gnolls
  A river rat (Orc:2)
  10 adders
  3 shadow imps
  A white imp (D:6)
  4 ufetubi
  A worm (D:2)
  3 dart slugs
  88 orcs
  9 bats
  3 endoplasms
  4 giant cockroaches
  3 gnoll zombies (Ossuary)
  14 goblins
  14 hobgoblins
  A jackal (D:3)
  5 quokkas
  7 ball pythons
  3 frilled lizards
  6 gnoll skeletons (Ossuary)
  4 goblin skeletons (Ossuary)
  4 goblin zombies (Ossuary)
  5 hobgoblin skeletons (Ossuary)
  2 hobgoblin zombies (Ossuary)
  19 kobolds
  5 kobold skeletons (Ossuary)
  3 kobold zombies (Ossuary)
  2 orc skeletons (Ossuary)
  4 orc zombies (Ossuary)
  5 rats
  3 rat skeletons (Ossuary)
  9 rat zombies (Ossuary)
  A spectral orc (D:12)
949 creatures vanquished.

Vanquished Creatures (collateral kills)
  Fannar (D:10)
  A hydra (Lair:3)
  A two-headed ogre (D:11)
  Sonja (Lair:6)
  A glowing orange brain (D:15)
  A cyclops (D:15)
  Joseph (D:10)
  An elephant (Lair:3)
  A cane toad (Lair:6)
  A molten gargoyle (Volcano)
  4 komodo dragons
  2 polar bears (Lair:6)
  A hornet (D:10)
  2 blink frogs (Lair:5)
  2 dream sheep
  8 yaks
  A warg (Orc:1)
  A black bear (Lair:6)
  2 wolves (Lair:6)
  A centaur (D:14)
  A bullfrog (Lair:5)
  3 orcs (Orc:1)
38 creatures vanquished.

Vanquished Creatures (others)
  3 dancing weapons
  A deep elf archer (Elf:1)
  A molten gargoyle (D:9)
  A water moccasin (Lair:5)
  An orc warrior (Elf:1)
  55 fungi
  74 plants
136 creatures vanquished.

Grand Total: 1123 creatures vanquished

Notes
Turn   | Place    | Note
-------+----------+-------------------------------------------
     0 | D:1      | thirstyecho the Octopode Chaos Knight began the quest for
                  | the Orb.
     0 | D:1      | Reached XP level 1. HP: 16/16 MP: 1/1
   203 | D:1      | XOM: smoke on damage
   205 | D:1      | Reached XP level 2. HP: 15/21 MP: 2/2
   387 | D:1      | XOM: divination: detect items
   480 | D:1      | XOM: silly message
   484 | D:1      | XOM: divination: detect items
   669 | D:1      | Found a faded altar of an unknown god.
   770 | D:1      | Reached XP level 3. HP: 21/27 MP: 3/3
   958 | D:1      | XOM: silly message
  1299 | D:2      | Found Osess's Assorted Antiques.
  1451 | D:2      | Reached skill level 1 in Axes
  1588 | D:2      | Reached XP level 4. HP: 32/33 MP: 4/4
  1887 | D:2      | XOM: god gift: scroll labelled SYEWKA MEHOPT {god gift}
  1958 | D:3      | Found Arghafenk's General Store.
  2103 | D:3      | Reached skill level 2 in Axes
  2115 | D:3      | XOM: give mutations
  2115 | D:3      | Gained mutation: Your spells are a little harder to cast,
                  | but a little more powerful. [Xom's mischief]
  2115 | D:3      | Gained mutation: Your muscles are strong. (Str +4, Int/Dex
                  | -1) [Xom's mischief]
  2363 | D:3      | Noticed Robin
  2382 | D:3      | Reached XP level 5. HP: 29/37 MP: 5/5
  2512 | D:3      | XOM: 3-stop teleportation journey
  2663 | D:3      | Identified the +6 sling "Paomeveb" {vorpal, rElec rF+
                  | Stlth+}
  2705 | D:3      | Killed Robin
  3144 | D:3      | Found a sacrificial altar of Ru.
  3278 | D:2      | Bought a scroll labelled SIUTOQ NORYLL for 26 gold pieces
  3278 | D:2      | Bought 2 fuming pink potions for 46 gold pieces
  3430 | D:4      | Reached skill level 3 in Axes
  3588 | D:4      | XOM: summons 3 hostile shadow creatures
  3811 | D:3      | XOM: scenery: summon butterflies
  3825 | D:3      | XOM: polymorph butterfly -> glowing shapeshifter
  3925 | D:4      | Found a staircase to the Ecumenical Temple.
  4242 | D:3      | Reached XP level 6. HP: 23/42 MP: 3/6
  4629 | D:4      | XOM: confuse monster(s)
  4631 | D:4      | Reached skill level 4 in Axes
  4846 | D:4      | XOM: give mutations
  4846 | D:4      | Gained mutation: You occasionally lose the ability to read
                  | scrolls when taking damage. [Xom's mischief]
  4846 | D:4      | Gained mutation: One of your tentacles bears a spike.
                  | [Xom's mischief]
  4846 | D:4      | Lost mutation: Your muscles are strong. (Str +4, Int/Dex
                  | -1) [Xom's mischief]
  4927 | D:4      | Found a bloodstained altar of Trog.
  4966 | D:4      | XOM is BORED!
  5042 | D:2      | Bought a scroll labelled ZOPHETUOHE for 26 gold pieces
  5095 | D:5      | XOM: stealth player
  5095 | D:5      | Entered Level 5 of the Dungeon
  5098 | D:5      | XOM: summons 2 friendly demons
  5098 | D:5      | XOM: butterfly on damage
  5500 | D:5      | Found Tonn's Distillery.
  5515 | D:4      | Reached XP level 7. HP: 38/48 MP: 7/7
  5584 | D:5      | Reached skill level 5 in Axes
  5665 | D:5      | XOM: 3-stop teleportation journey
  6380 | D:5      | XOM: give mutations
  6380 | D:5      | Gained mutation: You are partially covered in iridescent
                  | scales. (AC +2) [Xom's grace]
  6380 | D:5      | Gained mutation: Your mind is acute. (Int +4, Str/Dex -1)
                  | [Xom's grace]
  6380 | D:5      | Gained mutation: You are agile. (Dex +4, Str/Int -1) [Xom's
                  | grace]
  6380 | D:5      | Gained mutation: Your spells are harder to cast, but more
                  | powerful. [Xom's grace]
  6418 | D:5      | XOM: give mutations
  6418 | D:5      | Gained mutation: You possess an exceptional clarity of
                  | mind. [Xom's grace]
  6418 | D:5      | Gained mutation: You are strong-willed. (Will+) [Xom's
                  | grace]
  6418 | D:5      | Gained mutation: You are mostly covered in iridescent
                  | scales. (AC +4) [Xom's grace]
  6670 | D:6      | Reached skill level 5 in Dodging
  6673 | D:6      | Noticed a steam dragon
  6677 | D:6      | Killed a steam dragon
  6678 | D:6      | Reached skill level 6 in Axes
  6881 | D:6      | XOM: 2-stop teleportation journey
  6903 | D:6      | Reached XP level 8. HP: 54/54 MP: 8/8
  6909 | D:6      | Found a sand-covered staircase.
  6918 | Ossuary  | Entered an ossuary
  7019 | Ossuary  | Reached skill level 1 in Evocations
  7089 | Ossuary  | XOM: god gift: tapered fluorescent wand {god gift}
  7215 | Ossuary  | Noticed Menkaure
  7224 | Ossuary  | Killed Menkaure
  7248 | Ossuary  | XOM: silly message
  7658 | D:6      | Reached skill level 7 in Axes
  7701 | D:6      | Identified the +7 dagger "Miaschad" {speed, rElec rPois
                  | Str-4 Int+4}
  8110 | D:6      | Noticed Duvessa
  8124 | D:6      | XOM is BORED!
  8124 | D:6      | XOM: summons 2 hostile demons
  8215 | D:6      | XOM: summons 1 hostile shadow creature
  8580 | D:6      | Learned a level 3 spell: Ozocubu's Armour
  8656 | D:7      | You fall into a shaft and drop 3 floors!
  8656 | D:10     | Entered Level 10 of the Dungeon
  8665 | D:10     | Noticed a hornet
  8667 | D:10     | Noticed Joseph
  8711 | D:9      | Reached skill level 8 in Axes
  8711 | D:9      | Reached XP level 9. HP: 57/58 MP: 9/9
  8736 | D:9      | Noticed a molten gargoyle
  8736 | D:9      | Noticed a molten gargoyle
  8759 | D:9      | Killed a molten gargoyle
  9149 | D:8      | XOM: enchant monster (bad)
  9242 | D:8      | Found a basalt altar of Yredelemnul.
  9469 | D:8      | Reached skill level 9 in Axes
  9521 | D:8      | Found Diorinli's General Store.
  9530 | D:8      | Bought a wand of polymorph (2) for 56 gold pieces
  9782 | D:7      | XOM: potion effect (berserk rage)
  9936 | D:7      | Reached skill level 5 in Evocations
 10010 | D:7      | XOM: 4-stop teleportation journey
 10028 | D:7      | XOM: summons friendly crimson imp
 10268 | D:7      | XOM: give mutations
 10268 | D:7      | Lost mutation: You are agile. (Dex +4, Str/Int -1) [Xom's
                  | mischief]
 10268 | D:7      | Lost mutation: You are mostly covered in iridescent scales.
                  | (AC +4) [Xom's mischief]
 10268 | D:7      | Gained mutation: Your muscles are strong. (Str +4, Int/Dex
                  | -1) [Xom's mischief]
 10268 | D:7      | Lost mutation: Your muscles are strong. (Str +4, Int/Dex
                  | -1) [Xom's mischief]
 10634 | D:7      | Learned a level 3 spell: Call Canine Familiar
 10691 | D:5      | Bought a potion of invisibility for 80 gold pieces
 10691 | D:5      | Bought a potion of heal wounds for 50 gold pieces
 10691 | D:5      | Bought a potion of invisibility for 80 gold pieces
 10691 | D:5      | Bought a potion of might for 40 gold pieces
 10867 | D:8      | XOM: noise
 10880 | D:7      | XOM: scenery: 2 doors close
 11090 | D:8      | XOM: summons 3 friendly demons
 11550 | D:8      | XOM: silly message
 11589 | D:8      | XOM: cloud trail
 11909 | D:8      | XOM: potion effect (curing)
 12179 | D:9      | Noticed a troll
 12197 | D:9      | Reached skill level 5 in Fighting
 12227 | D:9      | XOM: enchant monster (good)
 12233 | D:9      | Reached XP level 10. HP: 66/66 MP: 10/10
 12315 | D:9      | Found a staircase to the Lair.
 12392 | D:9      | XOM: give mutations
 12392 | D:9      | Gained mutation: You are mostly covered in iridescent
                  | scales. (AC +4) [Xom's grace]
 12392 | D:9      | Gained mutation: One of your tentacles bears a nasty spike.
                  | [Xom's grace]
 12392 | D:9      | Gained mutation: You passively dampen the noise of your
                  | surroundings. [Xom's grace]
 12392 | D:9      | Gained mutation: One of your tentacles bears a large
                  | vicious spike. [Xom's grace]
 12458 | D:9      | Reached skill level 10 in Axes
 12516 | D:9      | XOM: noise
 12601 | D:9      | Noticed Psyche
 12661 | D:9      | XOM: 2-stop teleportation journey
 12812 | D:9      | XOM: 4-stop teleportation journey
 13187 | D:5      | Bought a potion of might for 40 gold pieces
 13280 | D:9      | XOM is BORED!
 13280 | D:9      | XOM: torment (41/71 hp)
 13495 | D:9      | Reached skill level 1 in Ice Magic
 13633 | D:9      | XOM: 1-stop teleportation journey
 13956 | D:9      | Killed Psyche
 13957 | D:9      | Reached skill level 1 in Spellcasting
 14724 | D:9      | Noticed a molten gargoyle
 14896 | D:9      | XOM: cloud trail
 15073 | D:9      | Noticed a molten gargoyle
 15073 | D:9      | XOM: 8-stop teleportation journey
 15379 | D:10     | XOM: smoke on damage
 15381 | D:10     | XOM: scenery: create altars
 15686 | D:10     | XOM: confuse monster(s)
 15926 | D:10     | XOM: cast spell 'Summon Dragon'
 15930 | D:10     | Reached XP level 11. HP: 54/76 MP: 10/14
 15958 | D:10     | Reached skill level 5 in Ice Magic
 15972 | D:10     | Reached skill level 11 in Axes
 15978 | D:10     | Killed Joseph
 16103 | D:10     | XOM: noise
 16175 | D:10     | Found a burning altar of Makhleb.
 16176 | D:10     | Found a blossoming altar of Fedhas.
 16179 | D:10     | Found an opulent altar of Gozag.
 16243 | D:10     | Noticed Fannar
 16705 | D:10     | XOM: cloud trail
 16734 | D:10     | XOM: noise
 16769 | D:10     | XOM: noise
 16835 | D:10     | Found Fubrohed's Elemental Accessories.
 17413 | D:10     | XOM is BORED!
 17413 | D:10     | XOM: noise
 17430 | D:10     | Found a staircase to the Orcish Mines.
 17679 | D:11     | XOM: 2-stop teleportation journey
 17829 | D:11     | Reached skill level 1 in Shields
 17857 | D:11     | Noticed a boulder beetle
 17879 | D:11     | Noticed a two-headed ogre
 18032 | D:11     | XOM: potion effect (brilliance)
 18061 | D:11     | Reached skill level 1 in Summonings
 18162 | D:11     | XOM: noise
 18163 | D:11     | XOM: swap monsters
 18676 | D:11     | XOM: cloud trail
 18771 | D:11     | XOM: summons 6 hostile demons
 18795 | D:11     | Learned a level 6 spell: Summon Cactus Giant
 18801 | D:11     | Learned a level 5 spell: Freezing Cloud
 18838 | D:12     | Identified the +2 flail "Owypret" {venom, Fly rPois Str-2
                  | Stlth+}
 18838 | D:12     | Noticed a manticore
 18858 | D:12     | XOM: enchant monster (good)
 18879 | D:12     | Killed a manticore
 19048 | D:12     | Noticed a tengu warrior
 19066 | D:12     | XOM: destruction
 19087 | D:12     | Noticed a two-headed ogre
 19096 | D:12     | Killed a two-headed ogre
 19097 | D:12     | Reached skill level 12 in Axes
 19301 | D:12     | Noticed a deep elf pyromancer
 19303 | D:12     | XOM: confuse monster(s)
 19309 | D:12     | Killed a deep elf pyromancer
 19310 | D:12     | Reached skill level 5 in Summonings
 19310 | D:12     | Reached XP level 12. HP: 82/82 MP: 18/18
 19645 | D:12     | XOM is BORED!
 19703 | D:12     | XOM: stat loss: -1 Int (19/20)
 19757 | D:12     | Noticed a centaur warrior
 19860 | D:12     | XOM: noise
 20336 | D:12     | Found a basalt altar of Yredelemnul.
 20413 | D:12     | Killed a tengu warrior
 20595 | D:10     | XOM: silly message
 20778 | D:6      | Noticed Dowan
 20790 | D:6      | Killed Duvessa
 20791 | D:6      | Reached skill level 13 in Axes
 20793 | D:6      | Killed Dowan
 20805 | D:6      | XOM is BORED!
 20805 | D:6      | XOM: silly message
 20996 | D:5      | XOM: silly message
 21066 | D:2      | Bought a shiny buckler for 195 gold pieces
 21112 | D:3      | Bought 2 potions of curing for 84 gold pieces
 21209 | D:5      | Bought a potion of curing for 30 gold pieces
 21350 | D:11     | XOM is BORED!
 21350 | D:11     | XOM: silly message
 21369 | D:11     | Killed a two-headed ogre
 21483 | Lair:1   | Entered Level 1 of the Lair of Beasts
 21486 | Lair:1   | XOM: divination: detect items
 21652 | Lair:1   | XOM: potion effect (curing)
 22084 | Lair:1   | XOM: divination: magic mapping
 22121 | Lair:1   | XOM: god gift: 6 stones
 22141 | Lair:1   | XOM: god gift: +1 buckler of fire resistance
 22668 | Lair:1   | XOM: give mutations
 22668 | Lair:1   | Lost mutation: You occasionally lose the ability to read
                  | scrolls when taking damage. [Xom's mischief]
 22668 | Lair:1   | Lost mutation: You are strong-willed. (Will+) [Xom's
                  | mischief]
 22668 | Lair:1   | Gained mutation: Your body sometimes deteriorates upon
                  | taking damage. [Xom's mischief]
 22668 | Lair:1   | Lost mutation: You are mostly covered in iridescent scales.
                  | (AC +4) [Xom's mischief]
 22847 | Lair:1   | XOM is BORED!
 22847 | Lair:1   | XOM: give mutations
 22847 | Lair:1   | Lost mutation: You are partially covered in iridescent
                  | scales. (AC +2) [Xom's mischief]
 22847 | Lair:1   | Lost mutation: You passively dampen the noise of your
                  | surroundings. [Xom's mischief]
 22847 | Lair:1   | Lost mutation: Your mind is acute. (Int +4, Str/Dex -1)
                  | [Xom's mischief]
 23043 | Lair:1   | XOM: give mutations
 23043 | Lair:1   | Gained mutation: You are dopey. (Int -2) [Xom's mischief]
 23043 | Lair:1   | Gained mutation: You are clumsy. (Dex -2) [Xom's mischief]
 23043 | Lair:1   | Lost mutation: You are clumsy. (Dex -2) [Xom's mischief]
 23088 | Lair:1   | XOM: summons 1 hostile shadow creature
 23180 | Lair:2   | XOM: stealth player
 23335 | Lair:1   | XOM: scenery: create altars
 23750 | Lair:2   | XOM: god gift: 7 stones
 23975 | Lair:2   | Reached skill level 5 in Spellcasting
 24063 | Lair:2   | XOM: cleaving
 24070 | Lair:2   | XOM: 1-stop teleportation journey
 24082 | Lair:2   | XOM: summons friendly ufetubus
 24358 | Lair:2   | XOM: cloud trail
 24453 | Lair:2   | XOM: god gift: potion of heal wounds
 24764 | Lair:2   | Noticed a boulder beetle
 24765 | Lair:2   | XOM: chaos cloud
 24806 | Lair:2   | Killed a boulder beetle
 24882 | Lair:2   | Reached XP level 13. HP: 88/88 MP: 22/22
 24890 | Lair:2   | XOM: summons 2 hostile demons
 25302 | Lair:2   | XOM: give mutations
 25302 | Lair:2   | Lost mutation: Your spells are harder to cast, but more
                  | powerful. [Xom's mischief]
 25302 | Lair:2   | Lost mutation: One of your tentacles bears a large vicious
                  | spike. [Xom's mischief]
 25313 | Lair:2   | XOM: stat loss: -1 Dex (11/13)
 25483 | Lair:2   | Found a runed translucent door.
 25484 | Lair:2   | Found a shimmering altar of Xom.
 25484 | Lair:2   | Identified the +5 scythe "Hitris" {chaos, rElec rPois
                  | Stlth+}
 25484 | Lair:2   | Noticed capka3m's ghost (journeyman GnEE)
 25690 | Lair:3   | XOM: noise
 25919 | Lair:3   | XOM: stat loss: -1 Int (13/14)
 25934 | Lair:3   | XOM: enchant monster (good)
 25935 | Lair:3   | XOM: 2-stop teleportation journey
 25945 | Lair:3   | Identified the +11 rapier "Qaffites" {flame, Will+}
 26316 | Lair:3   | Found the +5 robe of Misfortune {Harm *Corrode *Slow EV+5}
 26336 | Lair:3   | Found a hole to the Spider Nest.
 26675 | Lair:3   | XOM: cast spell 'Summon Hydra'
 26719 | Lair:3   | Found a staircase to the Swamp.
 26742 | Lair:3   | XOM: cast spell 'Disjunction'
 27001 | Lair:3   | XOM: destruction
 27061 | Lair:3   | XOM: scenery: summon butterflies
 27142 | Lair:3   | XOM: cloud trail
 27346 | Lair:3   | XOM: scenery: create altars
 27480 | Lair:3   | XOM: 5-stop teleportation journey
 28178 | Lair:4   | Found a glowing golden altar of the Shining One.
 28325 | Lair:4   | XOM: summons 3 friendly demons
 28862 | Lair:4   | XOM: give mutations
 28862 | Lair:4   | Gained mutation: You are covered in fur. (AC +1) [Xom's
                  | grace]
 28862 | Lair:4   | Gained mutation: You have a pair of small antennae on your
                  | head. [Xom's grace]
 28862 | Lair:4   | Gained mutation: You have hidden genetic potential. [Xom's
                  | grace]
 28862 | Lair:4   | Gained mutation: Your spells are harder to cast, but more
                  | powerful. [Xom's grace]
 28913 | Lair:4   | XOM is BORED!
 28913 | Lair:4   | XOM: give mutations
 28913 | Lair:4   | Lost mutation: You have a pair of small antennae on your
                  | head. [Xom's mischief]
 28913 | Lair:4   | Lost mutation: You have hidden genetic potential. [Xom's
                  | mischief]
 28913 | Lair:4   | Lost mutation: You are dopey. (Int -2) [Xom's mischief]
 28951 | Lair:4   | XOM: god gift: staff of death
 29100 | Lair:5   | XOM: summons 5 friendly demons
 29229 | Lair:4   | XOM: give mutations
 29229 | Lair:4   | Gained mutation: You have very sharp teeth. [Xom's grace]
 29229 | Lair:4   | Gained mutation: You are partially covered in large bone
                  | plates. (SH +4) [Xom's grace]
 29229 | Lair:4   | Gained mutation: Your flesh is heat resistant. (rF+) [Xom's
                  | grace]
 29229 | Lair:4   | Gained mutation: You have supernaturally acute eyesight.
                  | (SInv) [Xom's grace]
 29308 | Lair:5   | XOM: summons 13 friendly demons
 29410 | Lair:5   | XOM: summons 3 friendly demons
 29418 | Lair:5   | Reached skill level 10 in Fighting
 29739 | Lair:5   | XOM: scenery: create altars
 30065 | Lair:4   | XOM: scenery: create altars
 30106 | Lair:5   | XOM: enchant monster (good)
 30117 | Lair:5   | XOM: fog
 30254 | Lair:5   | XOM: give mutations
 30254 | Lair:5   | Gained mutation: Your natural rate of healing is unusually
                  | fast. [Xom's grace]
 30254 | Lair:5   | Gained mutation: You expend magic power (3 MP) to
                  | strengthen your wands. [Xom's grace]
 30254 | Lair:5   | Gained mutation: You are partially covered in iridescent
                  | scales. (AC +2) [Xom's grace]
 30254 | Lair:5   | Gained mutation: You have a pair of small antennae on your
                  | head. [Xom's grace]
 30266 | Lair:5   | XOM: cleaving
 30441 | Lair:6   | Entered Level 6 of the Lair of Beasts
 30485 | Lair:6   | Reached XP level 14. HP: 93/99 MP: 23/23
 30501 | Lair:6   | XOM: polymorph wolf -> fire bat
 30540 | Lair:6   | XOM: god gift: 5 silver javelins
 30569 | Lair:6   | Found a dark tunnel.
 30577 | Volcano  | Entered a volcano
 30668 | Volcano  | Found a bloodstained altar of Trog.
 30944 | Lair:6   | XOM: god gift: +1 broad axe of chaos
 30965 | Lair:6   | XOM: enchant monster (bad)
 30974 | Lair:6   | XOM: summons friendly iron imp
 30977 | Lair:6   | XOM: polymorph iron imp -> lemure
 30989 | Lair:6   | XOM: confuse monster(s)
 31005 | Lair:6   | Reached skill level 14 in Axes
 31349 | Lair:6   | Noticed Sonja
 31380 | Lair:6   | Killed Sonja
 31390 | Lair:6   | Noticed Snorg
 31406 | Lair:6   | XOM: give mutations
 31406 | Lair:6   | Lost mutation: You are partially covered in large bone
                  | plates. (SH +4) [Xom's mischief]
 31406 | Lair:6   | Lost mutation: You possess an exceptional clarity of mind.
                  | [Xom's mischief]
 31485 | Lair:6   | Identified the +7 long sword of Woe {vorpal, Fly Stlth+}
 31530 | Lair:6   | Killed Snorg
 31603 | Lair:6   | XOM: silly message
 31651 | Lair:6   | XOM: give mutation
 31651 | Lair:6   | Gained mutation: You occasionally lose the ability to read
                  | scrolls when taking damage. [Xom's mischief]
 31670 | Lair:6   | XOM: cast spell 'Cause Fear'
 31677 | Lair:6   | XOM: blink monster(s)
 31686 | Lair:6   | Reached skill level 15 in Axes
 31690 | Lair:6   | XOM: give mutation
 31690 | Lair:6   | Lost mutation: You are partially covered in iridescent
                  | scales. (AC +2) [Xom's mischief]
 31837 | Lair:6   | Found a viscous altar of Jiyva.
 31839 | Lair:6   | Found a staircase to the Slime Pits.
 31890 | Lair:6   | XOM: scenery: create altars
 31976 | Lair:6   | XOM: noise
 32046 | Lair:6   | XOM: silly message
 32129 | Lair:6   | XOM: noise
 32234 | Lair:6   | Reached skill level 16 in Axes
 32814 | Lair:1   | XOM: give mutation
 32814 | Lair:1   | Lost mutation: Your flesh is heat resistant. (rF+) [Xom's
                  | mischief]
 32898 | D:9      | XOM: enchant monster (bad)
 33143 | D:10     | XOM: confusion (+ monsters)
 33147 | D:10     | XOM: chaos cloud
 33148 | D:10     | Paralysed by you for 2 turns
 33153 | D:10     | Killed Fannar
 33154 | D:10     | Reached XP level 15. HP: 105/108 MP: 24/24
 33191 | D:10     | Found a shadowy altar of Dithmenos.
 33355 | D:12     | XOM: destruction
 33509 | D:10     | XOM: give mutations
 33509 | D:10     | Lost mutation: You are covered in fur. (AC +1) [Xom's
                  | mischief]
 33509 | D:10     | Gained mutation: You sometimes lose the ability to read
                  | scrolls when taking damage. [Xom's mischief]
 33509 | D:10     | Lost mutation: You have very sharp teeth. [Xom's mischief]
 33594 | D:5      | Bought a potion of mutation for 80 gold pieces
 33594 | D:5      | Bought a potion of flight for 30 gold pieces
 33594 | D:5      | Bought a potion of curing for 30 gold pieces
 33594 | D:5      | Bought a potion of magic for 80 gold pieces
 33683 | D:8      | Bought a potion of brilliance for 56 gold pieces
 33840 | D:13     | XOM: silly message
 34093 | D:13     | Reached skill level 17 in Axes
 34305 | D:13     | Noticed Urug
 34321 | D:13     | Killed Urug
 34690 | D:13     | XOM: scenery: 1 doors open, 2 doors close
 34871 | D:13     | XOM: god gift: scroll of blinking
 34947 | D:13     | XOM: give mutations
 34947 | D:13     | Lost mutation: You have a pair of small antennae on your
                  | head. [Xom's mischief]
 34947 | D:13     | Gained mutation: You are frail. (-10% HP) [Xom's mischief]
 34947 | D:13     | Lost mutation: You sometimes lose the ability to read
                  | scrolls when taking damage. [Xom's mischief]
 34947 | D:13     | Gained mutation: You are dopey. (Int -2) [Xom's mischief]
 35039 | D:13     | XOM: enchant monster (bad)
 35071 | D:13     | Found a gate to the Vaults.
 35311 | D:13     | XOM: give mutations
 35311 | D:13     | Gained mutation: You are clumsy. (Dex -2) [Xom's mischief]
 35311 | D:13     | Gained mutation: Your body often deteriorates upon taking
                  | damage. [Xom's mischief]
 35323 | D:14     | Found a sacrificial altar of Ru.
 35476 | D:14     | XOM: torment (65/97 hp)
 35596 | D:14     | XOM: 1-stop teleportation journey
 35619 | D:14     | XOM: summons 4 hostile shadow creatures
 35657 | D:14     | XOM: 2-stop teleportation journey
 35678 | D:14     | XOM: summons 8 hostile demons
 35753 | D:14     | XOM: give mutation
 35753 | D:14     | Lost mutation: Your body often deteriorates upon taking
                  | damage. [Xom's mischief]
 36128 | D:14     | XOM: cloud trail
 36151 | D:14     | XOM: 2-stop teleportation journey
 36271 | D:14     | XOM: enchant monster (bad)
 36275 | D:14     | XOM: swap monsters
 36708 | D:14     | Reached skill level 10 in Dodging
 36735 | D:14     | XOM: cast spell 'Summon Ice Beast'
 36787 | D:14     | Paralysed by a hornet for 2 turns
 36834 | D:14     | XOM: divination: detect items
 37266 | D:15     | Entered Level 15 of the Dungeon
 37324 | D:15     | Found a gate leading to a gauntlet.
 37333 | Gauntlet | Entered a Gauntlet
 37333 | Gauntlet | Found a transporter.
 37384 | Gauntlet | Found a transporter.
 37386 | Gauntlet | Found a transporter.
 37397 | Gauntlet | Found a transporter.
 37400 | Gauntlet | Found a transporter.
 37410 | Gauntlet | Found a transporter.
 37426 | Gauntlet | Found a transporter.
 37433 | Gauntlet | Found a runed translucent door.
 37437 | Gauntlet | Found a transporter.
 37446 | Gauntlet | Found a transporter.
 37460 | Gauntlet | Found a transporter.
 37475 | Gauntlet | Found a transporter.
 37477 | Gauntlet | Found a transporter.
 37517 | Gauntlet | Found a transporter.
 37534 | Gauntlet | Found a transporter.
 37657 | Gauntlet | Identified the ring "Xehe" {Fire rPois Int+3 Dex+2}
 37743 | Gauntlet | Identified the +8 whip of the Hated {vorpal, rCorr Dex+2
                  | SInv}
 37746 | Gauntlet | Identified the ring "Miefelis" {Fly rC+ Str+2 Slay+3
                  | Stlth+}
 37797 | Gauntlet | Identified the +1 leather armour of Xosuypp {Harm Fly
                  | rPois}
 37797 | Gauntlet | Identified the +0 plate armour of Indomitability {SInv}
 38196 | D:15     | XOM: cast spell 'Monstrous Menagerie'
 38198 | D:15     | Found a staircase to the Depths.
 38421 | D:15     | Reached XP level 16. HP: 66/104 MP: 25/25
 38528 | D:15     | Found an opulent altar of Gozag.
 38565 | D:15     | XOM: silly message
 38731 | D:15     | Found an iron altar of Okawaru.
 38839 | D:15     | XOM: give mutation
 38839 | D:15     | Lost mutation: One of your tentacles bears a nasty spike.
                  | [Xom's mischief]
 38918 | D:15     | XOM: stat loss: -1 Int (18/20)
 38923 | D:15     | XOM: chaos upgrade
 38925 | D:15     | XOM: summons 7 friendly demons
 39268 | D:15     | Learned a level 2 spell: Passwall
 39270 | D:15     | Learned a level 1 spell: Summon Small Mammal
 39490 | Orc:1    | Entered Level 1 of the Orcish Mines
 39490 | Orc:1    | XOM: summons 9 hostile demons
 39623 | Orc:1    | XOM is BORED!
 39638 | Orc:2    | Entered Level 2 of the Orcish Mines
 39736 | Orc:2    | Found a staircase to the Elven Halls.
 39778 | Orc:2    | XOM: polymorph orc -> river rat
 39798 | Orc:2    | Reached skill level 1 in Earth Magic
 39807 | Orc:2    | XOM: polymorph rust devil -> ice devil
 39824 | Orc:2    | Reached skill level 1 in Transmutations
 39947 | Orc:2    | Found Ytaanos's Assorted Antiques.
 39947 | Orc:2    | Found Sosogg's Jewellery Shop.
 39948 | Orc:2    | Found Copud's Assorted Antiques.
 39952 | Orc:2    | Found Athraufoc's Armour Boutique.
 39963 | Orc:2    | XOM: draining
 39972 | Orc:2    | Bought a wand of mindburst (4) for 104 gold pieces
 39972 | Orc:2    | Bought a potion of invisibility for 208 gold pieces
 39974 | Orc:2    | Bought a scroll of teleportation for 90 gold pieces
 39974 | Orc:2    | Bought a scroll of teleportation for 90 gold pieces
 39975 | Orc:2    | Bought the ring "Afywkifa" {Fly rC+ Will+ Slay+2} for 693
                  | gold pieces
 40499 | Orc:2    | XOM: give mutations
 40499 | Orc:2    | Lost mutation: Your body sometimes deteriorates upon taking
                  | damage. [Xom's mischief]
 40499 | Orc:2    | Lost mutation: One of your tentacles bears a spike. [Xom's
                  | mischief]
 40637 | Orc:1    | XOM: swap monsters
 40654 | Orc:1    | XOM: swap monsters
 40922 | Orc:1    | XOM: noise
 41182 | Orc:1    | Noticed Erolcha
 41193 | Orc:1    | Killed Erolcha
 41437 | Orc:1    | XOM: god gift: scroll of teleportation
 41515 | Orc:2    | Bought the amulet of the Air {Inacc Air Fly rElec RMsl} for
                  | 526 gold pieces
 41515 | Orc:2    | Found the amulet of the Air {Inacc Air Fly rElec RMsl}
 41520 | Orc:2    | XOM: give mutations
 41520 | Orc:2    | Gained mutation: You passively map a small area around you.
                  | [Xom's grace]
 41520 | Orc:2    | Gained mutation: You are strong-willed. (Will+) [Xom's
                  | grace]
 41520 | Orc:2    | Gained mutation: You are somewhat resistant to further
                  | mutation. [Xom's grace]
 41520 | Orc:2    | Gained mutation: You are partially covered in large bone
                  | plates. (SH +4) [Xom's grace]
 41564 | Orc:2    | XOM: god gift: 31 gold pieces
 41573 | Elf:1    | Entered Level 1 of the Elven Halls
 41573 | Elf:1    | Found a runed translucent gate.
 41573 | Elf:1    | Found a runed translucent gate.
 41573 | Elf:1    | Found a runed translucent gate.
 41573 | Elf:1    | Found a runed translucent gate.
 41573 | Elf:1    | Found a runed translucent gate.
 41573 | Elf:1    | Found a runed translucent gate.
 41574 | Elf:1    | Found a runed translucent door.
 41594 | Elf:1    | Found a runed translucent door.
 41595 | Elf:1    | XOM: butterfly on damage
 41598 | Elf:1    | XOM: summons 3 friendly demons
 41678 | Elf:1    | Learned a level 4 spell: Passage of Golubria
 41789 | Elf:1    | XOM: cleaving
 41793 | Elf:1    | Reached skill level 1 in Translocations
 41799 | Elf:1    | XOM: fake destruction
 41803 | Elf:1    | XOM: cleaving
 41805 | Elf:1    | XOM: divination: detect creatures
 41808 | Elf:1    | XOM: fog
 41809 | Elf:1    | XOM: god gift: 1141 gold pieces
 42019 | Elf:1    | Paralysed by an air elemental for 1 turns
 42168 | Elf:1    | Paralysed by an air elemental for 1 turns
 42193 | Elf:1    | Noticed an Executioner
 42196 | Elf:1    | XOM: 3-stop teleportation journey
 42385 | Elf:1    | Noticed an Executioner
 42390 | Elf:2    | Reached XP level 17. HP: 77/113 MP: 26/26
 42639 | Elf:1    | Noticed a Tzitzimitl
 42678 | Elf:2    | XOM: give mutation
 42678 | Elf:2    | Lost mutation: You are strong-willed. (Will+) [Xom's
                  | mischief]
 42690 | Elf:2    | XOM: 1-stop teleportation journey
 42787 | Elf:1    | Found a runed translucent gate.
 42787 | Elf:1    | Found a runed translucent gate.
 42787 | Elf:1    | Found a runed translucent gate.
 42787 | Elf:1    | Found a runed translucent gate.
 42787 | Elf:1    | Found a runed translucent gate.
 42793 | Elf:1    | Found a runed translucent gate.
 42883 | Elf:1    | Identified the +1 helmet of the Eternal Void {Fly rCorr
                  | Int+5}
 42989 | Elf:1    | XOM: stat loss: -1 Dex (24/25)
 42991 | Elf:1    | Reached skill level 15 in Fighting
 43076 | Elf:1    | XOM: summons 9 hostile demons
 43218 | Elf:2    | XOM: 1-stop teleportation journey
 43220 | Elf:2    | XOM: smoke on damage
 43227 | Elf:2    | XOM: fog
 43349 | Elf:2    | XOM: 1-stop teleportation journey
 43364 | Elf:2    | XOM: stat loss: -1 Str (20/21)
 43764 | Elf:2    | Found a runed translucent gate.
 43764 | Elf:2    | Found a runed translucent gate.
 43764 | Elf:2    | Found a runed translucent gate.
 43863 | Elf:2    | XOM: give mutations
 43863 | Elf:2    | Gained mutation: You are weak. (Str -2) [Xom's mischief]
 43863 | Elf:2    | Lost mutation: You are partially covered in large bone
                  | plates. (SH +4) [Xom's mischief]
 44053 | Orc:2    | Bought the ring of the Tortoise {AC+8} for 1792 gold pieces
 44053 | Orc:2    | Found the ring of the Tortoise {AC+8}
 44145 | Elf:3    | Entered Level 3 of the Elven Halls
 44202 | Elf:3    | XOM: give mutations
 44202 | Elf:3    | Lost mutation: You are clumsy. (Dex -2) [Xom's mischief]
 44202 | Elf:3    | Lost mutation: Your spells are harder to cast, but more
                  | powerful. [Xom's mischief]
 44202 | Elf:3    | Lost mutation: You have supernaturally acute eyesight.
                  | (SInv) [Xom's mischief]
 44288 | Elf:3    | XOM: give mutations
 44288 | Elf:3    | Gained mutation: You occasionally lose the ability to drink
                  | potions when taking damage. [Xom's mischief]
 44288 | Elf:3    | Gained mutation: Your magical capacity is low. (-10% MP)
                  | [Xom's mischief]
 44288 | Elf:3    | Gained mutation: Your magical capacity is very low. (-20%
                  | MP) [Xom's mischief]
 44302 | Elf:3    | Found Nojios's Specific Store.
 44302 | Elf:3    | Found Jaleos's General Store.
 44313 | Elf:3    | Reached skill level 5 in Translocations
 44375 | Elf:2    | Found a radiant altar of Vehumet.
 44426 | Elf:3    | XOM: fake destruction
 44429 | Elf:3    | XOM: draining
 44494 | Elf:2    | XOM: 1-stop teleportation journey
 44733 | Elf:3    | XOM: 2-stop teleportation journey
 45097 | Elf:3    | XOM: scenery: 1 doors open, 1 doors close
 45281 | Elf:3    | XOM: cloud trail
 45363 | Elf:3    | XOM: divination: detect creatures
 45367 | Elf:3    | XOM: scenery: create altars
 45430 | Elf:3    | XOM: enchant monster (good)
 45709 | Elf:3    | Identified the +17 gold dragon scales "Daqous" {Fly rElec
                  | rPois rF+ rC+ Will- Int+7}
 45709 | Elf:3    | Noticed a deep elf blademaster
 45817 | Elf:3    | XOM: polymorph wolf -> tengu
 45823 | Elf:3    | Mangled by a deep elf blademaster

Illustrated notes

Levels and vault maps discovered:
D:1:      ebering_hopf_link, layout_loops_corners,
          dreamdust_ecumenical_altar_angels_and_demons
D:2:      layout_basic, serial_shops, shop
D:3:      kennysheep_six_static_rooms, layout_basic,
          lemuel_coloured_pillars_altar, serial_shops, shop,
          minmay_splitting_lines, minmay_quantized, uniq_robin
D:4:      layout_loops_ring, lightli_temple_of_fire, temple_doors_e
D:5:      layout_loops_ring, serial_shops, nicolae_shop_hallway_stairs,
          eino_tiny_chamber
D:6:      layout_layer_cave, nicolae_ossuary_entry_monument, grunt_ministairs_9,
          uniq_duvessa
D:7:      layout_basic
D:8:      layout_basic, mainiacjoe_overflow_cross_hatched, serial_shops,
          nicolae_shop_trees
D:9:      layout_basic, erik_lair_island, minivault_8, uniq_psyche
D:10:     layout_basic, amcnicky_altar_gilded,
          gammafunk_temple_overflow_forgotten, david_orc_4, enter_bailey_4,
          grunt_ministairs_6, nicolae_elemental_shop, uniq_fannar, uniq_joseph
D:11:     layout_small_grid, nicolae_fountain_basement
D:12:     layout_roguey, minivault_25_ag, yredelemnul_forgotten_temple_becter
D:13:     layout_roguey, david_vaults_4, uniq_urug
D:14:     layout_layer_cave, lemuel_crystal_altar, minmay_evil_grid
D:15:     gammafunk_enter_depths_forms, layout_irregular_city,
          okawaru_gym_becter, gauntlet_entry_generic,
          nicolae_gozag_cash_rules_everything_around_me
Lair:1:   layout_cave_pods, chequers_serial_rivers_micro_a, grunt_megastairs_5,
          serial_bayou_shore_b
Lair:2:   layout_loops_ring, ebering_ghost_xom, grunt_megastairs_4,
          lemuel_fruit_fields, lemuel_fruit_tree
Lair:3:   layout_cave_pods, swamp_mist, spider_nest_entry_rubble,
          wad_woods_road_01, fungi_pond_lemuel
Lair:4:   layout_misc_corridors, basic_altar
Lair:5:   layout_long_grid
Lair:6:   minmay_lair_end_enchanted_forest, layout_cave_pods,
          dpeg_slime_entry_corner, enter_volcano_2, minmay_lindwurm_lava,
          uniq_sonja, uniq_snorg
Orc:1:    lemuel_ogre_cave, layout_diamond_mine, uniq_erolcha
Orc:2:    st_orc_mages, layout_caves
Elf:1:    nicolae_elf_arrival_dilemma, layout_geoelf_diagonals, orc_legates,
          serial_sigils_hangedman_shear, minmay_misc_feat_alley,
          minmay_curled_crystal, corner_web_ring
Elf:2:    nicolae_elf_blades_splatter_lattice
          [nicolae_blade_entry_hurt_lockers], layout_geoelf_diagonals,
          lemuel_upstairs_altar
Elf:3:    minmay_elf_hall_curves, layout_geoelf_diagonals,
          nicolae_specific_store, st_stairs_9,
          nicolae_elf_loose_elemental_storage

Skill      XL: |  1  2  3  4  5  6  7  8  9 10 11 12 13 14 15 16 17 |
---------------+----------------------------------------------------+-----
Fighting       | 4 5 7 8 10 12 14 16 | 16.6
Dodging        | 3 4 5 6 7 9 11 12 13 | 13.0
Axes           | 1 2 3 4 6 8 9 10 12 13 16 17 | 17.8
Evocations     | 3 5 8 |  8.0
Ice Magic      | 4 5 6 |  6.0
Spellcasting   | 2 4 6 |  6.0
Shields        | 1 4 |  4.0
Summonings     | 5 8 9 |  9.6
Earth Magic    | 3 |  3.0
Transmutations | 3 |  3.0
Translocations | 3 5 |  5.0
Polearms       | |  3.0

Action                   |  1- 3 |  4- 6 |  7- 9 | 10-12 | 13-15 | 16-18 || total
-------------------------+-------+-------+-------+-------+-------+-------++-------
Melee: Spear             |    62 |       |       |       |       |       ||    62
       Constrict         |    18 |    37 |    87 |    90 |   145 |   132 ||   509
       Tentacles         |    11 |    28 |    91 |   186 |   327 |   221 ||   864
       Hand axe          |    26 |   112 |   311 |   623 |   465 |       ||  1537
       Punch             |     1 |     2 |     6 |    12 |    11 |     7 ||    39
       Kick              |       |    10 |   133 |   314 |   518 |    70 ||  1045
       Bite              |       |       |       |       |    88 |       ||    88
       Broad axe         |       |       |       |       |   565 |   726 ||  1291
       Flail             |       |       |       |       |     2 |       ||     2
Throw: Dart              |       |       |     4 |     6 |     1 |     1 ||    12
       Javelin           |       |       |       |     5 |       |       ||     5
 Cast: Ozocubu's Armour  |       |       |       |    28 |    59 |     7 ||    94
       Call Canine Famil |       |       |       |    16 |    49 |     7 ||    72
Evoke: Piece from Xom's  |     5 |       |     2 |    15 |     3 |       ||    25
       Wand              |       |     2 |     9 |     1 |     6 |     7 ||    25
  Use: Scroll            |       |     4 |     5 |     7 |    17 |     5 ||    38
       Potion            |       |       |     2 |     5 |    12 |     7 ||    26
 Stab: Sleeping          |    12 |     7 |     5 |     2 |     7 |    16 ||    49
       Confused          |       |     1 |       |     1 |     3 |       ||     5
       Invisible         |       |       |       |     5 |     1 |     8 ||    14
       Petrified         |       |       |       |    12 |       |       ||    12
       Paralysed         |       |       |       |     1 |       |       ||     1
       Distracted        |       |       |       |     4 |     7 |     5 ||    16
       Petrifying        |       |       |       |       |     1 |       ||     1
       Fleeing           |       |       |       |       |     1 |       ||     1
       Betrayed ally     |       |       |       |       |       |     1 ||     1
Armor: Skin              |     7 |     6 |    32 |   128 |   123 |    14 ||   310
Dodge: Dodged            |    46 |    62 |   172 |   339 |   618 |   352 ||  1589
       Repelled          |       |       |       |       |       |     9 ||     9
Block: Buckler           |       |       |       |    33 |   293 |   200 ||   526

Table legend: (Time is in decaauts)
 A = Elapsed time spent in this place.
 B = Non-inter-level travel time spent in this place.
 C = Inter-level travel time spent in this place.
 D = Time resting spent in this place.
 E = Time spent auto-exploring this place.
 F = Levels seen in this place.
 G = Mean time per level.
                   A        B        C        D        E       F      G
               +--------+--------+--------+--------+--------+-----+--------+
         Total |  45181 |  41479 |   3702 |  12555 |  20644 |  29 | 1558.0 |
       Dungeon |  26841 |  24015 |   2826 |   7702 |  12238 |  15 | 1789.4 |
          Lair |  10843 |  10489 |    354 |   3044 |   5546 |   6 | 1807.2 |
  Orcish Mines |   2154 |   1873 |    281 |    264 |   1014 |   2 | 1077.0 |
   Elven Halls |   4006 |   3766 |    240 |   1227 |   1447 |   3 | 1335.3 |
       Ossuary |    389 |    389 |      0 |      6 |    147 |   1 |  389.0 |
       Volcano |    273 |    273 |      0 |     70 |      0 |   1 |  273.0 |
      Gauntlet |    673 |    673 |      0 |    241 |    252 |   1 |  673.0 |
               +--------+--------+--------+--------+--------+-----+--------+

Top non-repeatable levels by time:
     D:9: 3761 daAuts
  Lair:2: 2344 daAuts
    D:10: 2221 daAuts
  Lair:3: 2164 daAuts
  Lair:1: 2029 daAuts
    D:14: 1977 daAuts
     D:7: 1941 daAuts
  Lair:6: 1939 daAuts
     D:8: 1910 daAuts
     D:6: 1893 daAuts
    D:12: 1745 daAuts
     D:3: 1639 daAuts
     D:5: 1589 daAuts
    D:11: 1563 daAuts
   Elf:2: 1517 daAuts
